AoeStats
← Tiktak

Arena

510118332Analyzed
4v4 RM · 4d ago on Sep 29, 2026· 72m 46s· 8 players
Game mode
Random Map
Map size
Large (8 player)
Population
200
Speed
Normal
Resources
Standard
Victory
Conquest
Starting age
Dark Age
Ending age
Imperial Age
RankedLock teamsTeams togetherTeam positionsShared explorationLock speedFull tech treeHidden civsTurbo modeCheats
Victory
Defeat
🇨🇦 Magyars · Canada
778
+12
🇦🇷 Mongols · Argentina
741
+14
🇨🇭 Franks · Switzerland
734
+14
🇺🇸 Portuguese · United States
695
+16
🇨🇳 Spanish · China
855
-21
🇹🇷 Chinese · Türkiye
642
-12
🇩🇪 Turks · Germany
632
-12
🇨🇦 Italians · Canada
628
-11
slipoker
0:27 Loom
13:16 Feudal Age
13:49 Horse Collar
13:58 Double-Bit Axe
17:55 Castle Age
23:49 Imperial Age
23:12 Stone Mining
23:18 Gold Mining
29:24 Treadmill Crane
30:46 Chemistry
29:57 Fortified Wall
29:43 Murder Holes
31:29 Wheelbarrow
31:45 Stone Shaft Mining
32:22 Town Watch
33:08 Hand Cart
33:20 Town Patrol
36:48 Bombard Tower
36:34 Siege Engineers
36:40 Masonry
36:25 Fletching
36:39 Arquebus
37:17 Bow Saw
38:14 Bodkin Arrow
38:42 Ballistics
38:43 Guilds
40:54 Two-Man Saw
39:17 Light Cavalry
40:08 Bloodlines
39:59 Husbandry
40:03 Bracer
40:04 Padded Archer Armor
41:16 Thumb Ring
42:13 Architecture
42:06 Elite Skirmisher
46:02 Leather Archer Armor
48:23 Ring Archer Armor
49:12 Coinage
51:31 Banking
51:15 Forging
51:05 Scale Mail Armor
51:11 Scale Barding Armor
51:09 Circumnavigation
50:40 Sappers
51:30 Conscription
55:40 Devotion
55:38 Herbal Medicine
tasiopicollo
8:35 Feudal Age
9:12 Double-Bit Axe
9:12 Horse Collar
10:30 Loom
16:00 Wheelbarrow
19:28 Castle Age
18:10 Fletching
21:25 Bow Saw
22:10 Hand Cart
23:20 Heavy Plow
25:49 Thumb Ring
26:30 Ballistics
27:42 Bodkin Arrow
28:22 Husbandry
28:38 Bloodlines
28:23 Pikeman
30:12 Squires
32:48 Gold Mining
32:50 Stone Mining
33:42 Murder Holes
33:58 Fortified Wall
39:43 Forging
39:34 Scale Mail Armor
42:13 Imperial Age
40:23 Stone Shaft Mining
40:25 Gold Shaft Mining
42:10 Iron Casting
41:43 Scale Barding Armor
41:53 Chain Mail Armor
41:41 Padded Archer Armor
41:53 Nomads
42:37 Onager
43:43 Conscription
44:26 Chemistry
44:04 Bracer
44:21 Leather Archer Armor
45:07 Blast Furnace
44:37 Plate Mail Armor
48:26 Chain Barding Armor
53:01 Parthian Tactics
55:13 Cavalier
62:39 Caravan
66:46 Elite Mangudai
68:23 Town Watch
70:55 Drill
Marshall
13:22 Feudal Age
13:48 Horse Collar
13:57 Double-Bit Axe
14:06 Gold Mining
14:10 Stone Mining
21:01 Castle Age
19:33 Padded Archer Armor
19:24 Fletching
22:11 Bow Saw
22:16 Heavy Plow
23:12 Leather Archer Armor
23:14 Thumb Ring
25:35 Ballistics
25:34 Bodkin Arrow
26:59 Gold Shaft Mining
33:06 Imperial Age
34:32 Crop Rotation
34:27 Recurve Bow
35:34 Two-Man Saw
35:10 Bracer
37:02 Parthian Tactics
38:41 Elite Magyar Huszar
41:06 Heavy Cavalry Archer
42:20 Ring Archer Armor
42:00 Corvinian Army
48:12 Siege Engineers
48:03 Murder Holes
47:59 Heated Shot
49:58 Masonry
52:30 Conscription
54:22 Wheelbarrow
53:33 Town Watch
60:55 Scale Barding Armor
ilostmyscout
0:31 Loom
12:22 Feudal Age
13:54 Wheelbarrow
13:06 Double-Bit Axe
17:49 Castle Age
19:08 Bow Saw
18:53 Gold Mining
18:53 Stone Mining
20:40 Elite Skirmisher
23:30 Hand Cart
37:41 Imperial Age
36:14 Hand Cart
37:49 Cavalier
38:29 Husbandry
38:44 Scale Barding Armor
38:50 Forging
38:30 Fletching
38:41 Padded Archer Armor
38:41 Scale Mail Armor
38:37 Town Watch
40:42 Conscription
40:23 Chivalry
40:38 Paladin
41:45 Chain Barding Armor
42:01 Iron Casting
44:48 Blast Furnace
44:24 Plate Barding Armor
43:46 Bodkin Arrow
44:07 Leather Archer Armor
45:46 Chain Mail Armor
48:17 Elite Throwing Axeman
49:37 Gold Shaft Mining
49:45 Light Cavalry
52:37 Caravan
54:34 Ordonnance Companies
55:50 Hoardings
54:40 Crossbowman
57:43 Ballistics
58:23 Chemistry
57:06 Treadmill Crane
57:37 Fortified Wall
57:22 Murder Holes
57:38 Masonry
59:24 Man-at-Arms
59:50 Gambesons
60:05 Squires
59:26 Pikeman
59:51 Arson
61:31 Halberdier
62:35 Long Swordsman
67:12 Plate Mail Armor
66:06 Two-Handed Swordsman
67:00 Champion
tbogwald
9:33 Loom
12:32 Feudal Age
12:59 Double-Bit Axe
12:55 Horse Collar
21:45 Castle Age
20:31 Fletching
21:13 Padded Archer Armor
21:36 Gold Mining
21:38 Stone Mining
22:44 Bow Saw
22:36 Heavy Plow
23:58 Town Watch
25:29 Town Patrol
26:22 Stone Shaft Mining
28:00 Guard Tower
28:22 Fortified Wall
28:39 Ballistics
32:40 Imperial Age
31:56 Treadmill Crane
32:27 Masonry
32:15 Murder Holes
34:24 Wheelbarrow
35:08 Architecture
35:16 Keep
34:27 Arrowslits
34:43 Bodkin Arrow
35:04 Leather Archer Armor
35:16 Conscription
35:23 Silk Road
36:27 Thumb Ring
36:48 Hand Cart
36:07 Crossbowman
36:35 Elite Skirmisher
37:10 Arbalester
37:59 Caravan
38:10 Guilds
38:38 Bracer
39:09 Ring Archer Armor
41:23 Two-Man Saw
41:02 Crop Rotation
42:12 Hoardings
46:47 Coinage
48:35 Pikeman
49:15 Squires
49:20 Scale Mail Armor
49:31 Forging
49:27 Scale Barding Armor
50:39 Arson
52:11 Pirotechnia
52:48 Banking
52:13 Man-at-Arms
54:45 Iron Casting
54:26 Chain Mail Armor
54:32 Chain Barding Armor
53:40 Elite Genoese Crossbowman
53:47 Long Swordsman
55:35 Bloodlines
55:26 Husbandry
54:51 Cavalier
54:55 Light Cavalry
57:27 Blast Furnace
56:58 Plate Mail Armor
55:58 Two-Handed Swordsman
56:34 Hussar
65:59 Plate Barding Armor
Moin_Moin
12:46 Feudal Age
14:21 Double-Bit Axe
15:05 Horse Collar
17:36 Castle Age
22:31 Imperial Age
22:36 Wheelbarrow
23:18 Gold Mining
24:08 Hand Cart
23:39 Loom
25:00 Town Watch
26:11 Gold Shaft Mining
25:44 Heavy Plow
26:03 Bow Saw
26:50 Town Patrol
31:06 Two-Man Saw
31:50 Stone Mining
37:26 Conscription
38:21 Ballistics
Tiktak
1:07 Loom
10:12 Feudal Age
10:55 Double-Bit Axe
11:20 Horse Collar
12:24 Gold Mining
14:40 Horse Collar
16:09 Wheelbarrow
22:17 Castle Age
20:24 Fletching
22:44 Crossbowman
26:10 Bow Saw
28:21 Gold Shaft Mining
27:39 Stone Mining
28:18 Thumb Ring
30:09 Heavy Plow
36:34 Imperial Age
36:31 Stone Shaft Mining
36:16 Hand Cart
36:19 Bodkin Arrow
37:16 Arbalester
39:21 Two-Man Saw
38:26 Bracer
41:22 Chemistry
40:51 Ballistics
40:56 Padded Archer Armor
41:04 Heavy Rocket Cart
42:33 Leather Archer Armor
42:10 Elite Fire Lancer
44:51 Ring Archer Armor
46:20 Pikeman
47:45 Halberdier
49:06 Squires
49:27 Forging
49:18 Scale Mail Armor
49:24 Scale Barding Armor
51:03 Chain Mail Armor
61:13 Plate Mail Armor
Zephyr
11:22 Feudal Age
15:17 Castle Age
14:33 Padded Archer Armor
15:10 Double-Bit Axe
16:13 Horse Collar
16:56 Loom
18:16 Leather Archer Armor
23:50 Forging
23:40 Stone Mining
28:32 Iron Casting
28:01 Fletching
29:02 Bodkin Arrow
32:40 Gold Mining
33:28 Scale Barding Armor
33:50 Heavy Plow
39:42 Stone Shaft Mining
41:41 Chain Barding Armor
43:04 Husbandry
43:14 Bloodlines
47:37 Imperial Age
48:15 Wheelbarrow
48:50 Cavalier
50:39 Hand Cart
52:08 Plate Barding Armor
58:11 Paladin
64:47 Town Watch
Connection lost

Rejoining the realm…

Still unreachable

The connection could not be restored.

Session expired

The server has moved on; the page needs a fresh start.